 Dungeon Crawl Stone Soup version 0.28.0-43-g3370ac3207 (webtiles) character file.

Game seed: 11280942633696631942

9590 mortz the Destroyer (level 11, -10/85 HPs)
             Began as a Grey Draconian Conjurer on Mar 4, 2022.
             Was a Priest of Vehumet.
             Mangled by a white ugly thing (28 damage)
             ... on level 10 of the Dungeon on Mar 5, 2022.
             The game lasted 01:30:42 (14961 turns).

mortz the Destroyer (Grey Draconian Conjurer)      Turns: 14961, Time: 01:30:43

Health: -10/85     AC: 17    Str: 13    XL:     11   Next: 25%
Magic:  9/23       EV: 14    Int: 23    God:    Vehumet [***...]
Gold:   536        SH:  0    Dex: 13    Spells: 8/26 levels left

rFire   . . .      SeeInvis .   r - +5 dagger of the Snake Pit {speed, Str+4 Dex+3, short}
rCold   . . .      Faith    .   (no shield)
rNeg    . . .      Spirit   .   (armour unavailable)
rPois   .          Reflect  .   O - +2 hat
rElec   .          Harm     .   (no cloak)
rCorr   .          Rampage  .   P - +2 pair of gloves
Will    .....                   (no boots)
Stlth   +++.......              (no amulet)
HPRegen 0.24/turn               (no ring)
MPRegen 0.18/turn               (no ring)

@: no status effects
A: AC +12, amphibious, unfitting armour, cold-blooded
a: Renounce Religion


You were on level 10 of the Dungeon.
You worshipped Vehumet.
Vehumet was most pleased with you.
You visited 2 branches of the dungeon, and saw 12 of its levels.

You collected 536 gold pieces.


Innate Abilities, Weirdness & Mutations

Your dull iron-grey scales are very hard. (AC +12)
You are amphibious.
You cannot fit into any form of body armour.
You are cold-blooded and may be slowed by cold attacks.


   Skills:
 + Level 4.9 Fighting
 * Level 8.9 Short Blades
 + Level 1.6 Throwing
 + Level 5.9 Dodging
 + Level 5.0 Stealth
 + Level 8.1 Spellcasting
 + Level 9.1 Conjurations
 + Level 0.2 Translocations
 + Level 1.6 Fire Magic
 + Level 1.1 Ice Magic
 + Level 0.7 Air Magic


You had 8 spell levels left.
You knew the following spells:

 Your Spells              Type           Power      Damage    Failure   Level
a - Magic Dart            Conj           100%       1d8       1%          1
b - Searing Ray           Conj           100%       2d8       1%          2
c - Static Discharge      Conj/Air       32%        N/A       1%          2
d - Iskenderun's Mystic   Conj/Tloc      30%        2d8       2%          4
e - Hailstorm             Conj/Ice       33%        3d8       2%          4
f - Frozen Ramparts       Ice            28%        1d4       3%          3
g - Scorch                Fire           34%        2d6       1%          2

Your spell library contained the following spells:

 Spells                   Type           Power      Damage    Failure   Level
 Freeze                   Ice            56%        1d7       1%          1
 Dazzling Flash           Conj/Hex       60%        N/A       1%          3
 Fulminant Prism          Conj/Hex       15%        3d11      3%          4
 Pain                     Necr           36%        1d5       7%          1
 Gell's Gravitas          Tloc           10%        N/A       19%         3
 Lesser Beckoning         Tloc           10%        N/A       19%         3
 Teleport Other           Tloc           10%        N/A       19%         3
 Agony                    Necr           9%         N/A       88%         5
 Alistair's Intoxication  Tmut/Pois      6%         N/A       88%         5
 Borgnjor's Vile Clutch   Necr/Erth      4%         N/A       88%         5
 Excruciating Wounds      Necr           4%         N/A       88%         5
 Eringya's Noxious Bog    Tmut/Pois      4%         N/A       92%         6

Inventory:

Hand Weapons
 e - a +2 dagger of pain {short}
   (You found it on level 3 of the Dungeon)
 r - the +5 dagger of the Snake Pit (weapon) {speed, Str+4 Dex+3, short}
   (You took it off an orc on level 3 of the Dungeon)

   Attacks with this weapon are significantly faster.
   Str:       It affects your strength (+4).
   Dex:       It affects your dexterity (+3).
 y - a +2 dagger of venom {short}
   (You took it off an orc wizard on level 6 of the Dungeon)
 I - a +0 vampiric short sword {short}
   (You took it off a kobold on level 8 of the Dungeon)
 M - a +2 trident of protection {polearm}
   (You took it off a gnoll sergeant on level 9 of the Dungeon)
Missiles
 b - 321 stones {throwing}
 m - 25 poisoned darts {throwing}
 q - 3 throwing nets {=f!fthrowing}
 z - 4 javelins {throwing}
Armour
 O - a +2 hat (worn)
   (You found it on level 10 of the Dungeon)
 P - a +2 pair of gloves (worn)
   (You found it on level 10 of the Dungeon)
Magical Staves
 u - a staff of death {!astaff}
   (You found it on level 4 of the Dungeon)
 A - a staff of poison {!astaff}
   (You found it on level 6 of the Dungeon)
Jewellery
 f - a ring of fire
   (You found it on level 11 of the Dungeon)
Wands
 C - a wand of paralysis (10)
   (You found it on level 7 of the Dungeon)
 D - a wand of flame (22)
   (You took it off Joseph on level 7 of the Dungeon)
 G - a wand of mindburst (8)
   (You found it on level 8 of the Dungeon)
 K - a wand of acid (10)
   (You found it on level 8 of the Dungeon)
Scrolls
 a - 2 scrolls of holy word
 c - 2 scrolls of silence {!r}
 g - 3 scrolls of magic mapping {!r}
 j - a scroll of teleportation {unknown}
 k - 2 scrolls of enchant weapon {unknown}
 s - a scroll of immolation {unknown}
 w - 2 scrolls of fear
 F - a scroll of brand weapon {unknown}
 L - 3 scrolls of blinking {!r}
Potions
 d - 2 potions of brilliance
 h - 2 potions of heal wounds {@q2}
 i - 8 potions of curing {@q1}
 l - 2 potions of might
 n - 2 potions of haste {unknown}
 o - 3 potions of mutation {!q}
 p - 3 potions of attraction {unknown}
 t - 4 potions of cancellation
 B - a potion of resistance {unknown}
 E - 4 potions of degeneration {unknown}
 H - a potion of lignification {unknown}
 J - a potion of berserk rage {unknown}
 N - a potion of flight {unknown}
Miscellaneous
 x - a piece from Xom's chessboard (15/15)
   (You found it on level 5 of the Dungeon)

Dungeon Overview and Level Annotations

Branches:
Dungeon (11/15)            Temple (1/1) D:5            Lair (0/6) D:11
    Orc (0/2) D:9

Altars:
Ashenzari
Elyvilon
Fedhas
Hepliaklqana
Kikubaaqudgha
Ru
Trog
Uskayaw
Vehumet
Xom
Yredelemnul

Annotations:
D:8 Maurice

......# ###..<.....# #..#
......###.'.......># #.##
<.........#........# #.#
......#####........# #.#
......# #........# ##.#
......# #........# #..#
...[..# #........# #.##
####### #........# ##.# .#
#.....@..# #..# .###
###...u.## #.## ...#
#######.####.####### ##.#
#........##........# ##.##
#........##........# ....#
#........##........# ....#####
#..................#
........###........#.........#
....###..##........##........#


You could see a white ugly thing (combustible).


Message History

You lost 2 mp, and now have 15/23 mp.
Casting: Scorch (safe; 1% risk of failure)
Confirm with . or Enter, or press ? or * to list all spells.
Flames lash the white ugly thing.
The white ugly thing is burned terribly!
The white ugly thing completely misses you. 😮 HP[+1] MP[-2]
You lost 2 mp, and now have 13/23 mp.
Casting: Scorch (safe; 1% risk of failure)
Confirm with . or Enter, or press ? or * to list all spells.
Okay, then.
Casting: Scorch (safe; 1% risk of failure)
Confirm with . or Enter, or press ? or * to list all spells.
You erupt in a blast of force!
The mystic blast hits the white ugly thing.
The white ugly thing is knocked back by the mystic blast. 😮 MP[-3]
You lost 3 mp, and now have 10/23 mp.
Casting: Iskenderun's Mystic Blast (dangerous; 2% risk of failure)
Confirm with . or Enter, or press ? or * to list all spells.
You erupt in a blast of force!
The mystic blast hits the white ugly thing!
The white ugly thing is knocked back by the mystic blast. 😮 MP[-4]
You lost 4 mp, and now have 6/23 mp.
Casting: Iskenderun's Mystic Blast (dangerous; 2% risk of failure)
Confirm with . or Enter, or press ? or * to list all spells.
Flames lash the white ugly thing.
The white ugly thing is burned terribly!
Your magical contamination has completely faded away. 😮 MP[-2]
You lost 2 mp, and now have 4/23 mp.
You climb upwards.
There is a stone staircase leading down here. 😮 HP[+1]
You start resting. 😕 HP[+24] MP[+19]
You regained 24 hp, and now have 75/85 hp.
Your mp is fully restored (23).
You start resting. 😎 HP[+10]
Your hp is fully restored (85).
You climb downwards.
The white ugly thing punches you! The white ugly thing freezes you!!
There is a stone staircase leading up, spattered with blood here. 😮 HP[-37]
You take 37 damage, and now have 48/85 hp.
MASSIVE DAMAGE!! (PAUSE)
Casting: Scorch (safe; 1% risk of failure)
Confirm with . or Enter, or press ? or * to list all spells.
You don't know that spell.
A white ugly thing is nearby!
Unknown command.
Unknown command.
Unknown command.
Casting: Scorch (safe; 1% risk of failure)
Confirm with . or Enter, or press ? or * to list all spells.
You erupt in a blast of force!
The mystic blast hits the white ugly thing but does no damage.
The white ugly thing punches you but does no damage. 😮 HP[+1] MP[-4]
You lost 4 mp, and now have 19/23 mp.
Casting: Iskenderun's Mystic Blast (dangerous; 2% risk of failure)
Confirm with . or Enter, or press ? or * to list all spells.
You erupt in a blast of force!
The mystic blast hits the white ugly thing!
The white ugly thing is knocked back by the mystic blast.
The white ugly thing slams into the rock wall!
The white ugly thing barely misses you. 😮 MP[-4]
You lost 4 mp, and now have 15/23 mp.
Casting: Iskenderun's Mystic Blast (dangerous; 2% risk of failure)
Confirm with . or Enter, or press ? or * to list all spells.
You erupt in a blast of force!
The mystic blast hits the white ugly thing!
The white ugly thing is knocked back by the mystic blast.
The white ugly thing slams into the rock wall! 😮 MP[-4]
You lost 4 mp, and now have 11/23 mp.
Casting: Iskenderun's Mystic Blast (dangerous; 2% risk of failure)
Confirm with . or Enter, or press ? or * to list all spells.
You erupt in a blast of force!
The mystic blast hits the white ugly thing.
The white ugly thing is knocked back by the mystic blast.
The white ugly thing slams into the rock wall!
The white ugly thing punches you. The white ugly thing freezes you!!
* * * LOW HITPOINT WARNING * * *
😨 HP[-23] MP[-4]
You take 23 damage, and now have 26/85 hp.
MASSIVE DAMAGE!! (PAUSE)
You lost 4 mp, and now have 7/23 mp. 😨 MP[+1] 😨 HP[+1] 😨 HP[+1] 😨 MP[+1] 😨 HP[+1]
The white ugly thing punches you!
* * * LOW HITPOINT WARNING * * *
The white ugly thing freezes you!!
You die...

Skill      XL: |  1  2  3  4  5  6  7  8  9 10 11 |
---------------+----------------------------------+-----
Stealth        | 2 3 4 5 |  5.0
Dodging        | 2 3 4 5 |  5.9
Spellcasting   | 3 4 5 6 7 8 |  8.1
Conjurations   | 5 6 7 9 |  9.1
Short Blades   | 2 3 5 7 8 |  8.9
Fighting       | 1 2 3 4 |  4.9
Throwing       | 1 |  1.6
Fire Magic     | 1 |  1.6
Ice Magic      | 1 |  1.1
Translocations | |  0.2
Air Magic      | |  0.7

Action                   |  1- 3 |  4- 6 |  7- 9 | 10-12 || total
-------------------------+-------+-------+-------+-------++-------
Melee: Dagger            |    28 |    58 |   141 |    78 ||   305
       Tailslap          |     3 |     2 |    20 |    16 ||    41
       Punch             |     1 |       |     3 |     1 ||     5
       Short sword       |       |     6 |       |       ||     6
Throw: Dart              |       |       |     7 |     7 ||    14
 Cast: Magic Dart        |    50 |    43 |    96 |    23 ||   212
       Searing Ray       |     7 |    10 |    36 |    32 ||    85
       Static Discharge  |       |       |       |    15 ||    15
       Scorch            |       |       |       |    20 ||    20
       Hailstorm         |       |       |       |     8 ||     8
       Iskenderun's Myst |       |       |       |    17 ||    17
       Frozen Ramparts   |       |       |       |     6 ||     6
  Use: Scroll            |       |     6 |     6 |     7 ||    19
       Potion            |       |       |     3 |       ||     3
 Stab: Sleeping          |       |     3 |     1 |       ||     4
Armor: Skin              |    21 |    18 |    49 |    90 ||   178
Dodge: Dodged            |    25 |    28 |   104 |   103 ||   260

Levels and vault maps discovered:
D:1:      mainiacjoe_arrival_reflecting_pool, layout_loops_corners,
          ebering_ecumenical_altar_petrified, minmay_ruptured
D:2:      layout_loops_ring, ebering_dispersal_statue_hall, uniq_sigmund
D:3:      layout_loops_corners, nicolae_ru_path_of_blood,
          nicolae_overflow_crystal_walls, kennysheep_jessica_study
D:4:      layout_loops_ring, chequers_serial_rivers_micro_d,
          minmay_misc_feat_encased, chequers_serial_rivers_micro_e
D:5:      lemuel_ice_spiral_2, layout_rooms, xom_butterflies,
          minmay_temple_entry_poolview, serial_co_window_serial,
          co_window_corner_a, co_window_paths_a, co_window_paths_a,
          co_window_paths_a, co_window_paths_b, co_window_2corner,
          co_window_unsneaky_path_d, co_window_broadway_a, co_window_corner_b,
          glass_columns_b, glass_columns_a, glass_columns_a, uniq_prince_ribbit1
D:6:      layout_cave_pools, chequers_temple_overflow_statue_of_worship,
          serial_bayou_pond_c, chequers_arboretum, minmay_misc_feat_ornament
D:7:      layout_basic, yredelemnul_altar_generic, nicolae_overflow_squiral,
          st_stairs_9, lightli_orcish_oven, uniq_joseph
D:8:      layout_loops_ring, uniq_maggie, uniq_maurice
D:9:      layout_loops_ring, fedhas_altar_4, orc_0_dummy
D:10:     layout_roguey
D:11:     cheibrodos_breeding_chamber, layout_basic
Temple:   minmay_temple_forest_path

Notes
Turn   | Place    | Note
-------+----------+-------------------------------------------
     0 | D:1      | mortz the Draconian Conjurer began the quest for the Orb.
     0 | D:1      | Reached XP level 1. HP: 14/14 MP: 3/3
     0 | D:1      | magus.rc [v1.9.6]
   655 | D:1      | Reached XP level 2. HP: 20/20 MP: 1/5
   914 | D:1      | Reached skill level 2 in Stealth
   924 | D:1      | Reached skill level 2 in Dodging
  1195 | D:1      | Found a faded altar of an unknown god.
  1445 | D:2      | Learned a level 2 spell: Searing Ray
  1529 | D:2      | Reached XP level 3. HP: 26/26 MP: 3/6
  2148 | D:2      | Noticed Sigmund
  2153 | D:2      | Killed Sigmund
  2154 | D:2      | Reached skill level 3 in Spellcasting
  2154 | D:2      | Reached skill level 5 in Conjurations
  2154 | D:2      | Reached XP level 4. HP: 33/33 MP: 0/9
  2154 | D:2      | Reached XP level 5. HP: 38/38 MP: 0/10
  2940 | D:3      | Found a sacrificial altar of Ru.
  3050 | D:3      | Identified the +5 dagger of the Snake Pit {speed, Str+4
                  | Dex+3}
  3187 | D:3      | Reached XP level 6. HP: 46/46 MP: 11/11
  3198 | D:3      | Found an ancient bone altar of Kikubaaqudgha.
  3243 | D:3      | Noticed Jessica
  3271 | D:3      | Killed Jessica
  3435 | D:3      | Reached skill level 1 in Short Blades
  5021 | D:5      | Entered Level 5 of the Dungeon
  5027 | D:5      | You pick up a book of Displacement and begin reading...
  5027 | D:5      | You add the spells Lesser Beckoning, Gell's Gravitas and
                  | Teleport Other to your library.
  5045 | D:5      | Reached skill level 2 in Short Blades
  5045 | D:5      | Reached skill level 4 in Spellcasting
  5164 | D:5      | Found a staircase to the Ecumenical Temple.
  5173 | Temple   | Entered the Ecumenical Temple
  5202 | Temple   | Became a worshipper of Vehumet
  5402 | D:5      | Noticed Prince Ribbit
  5413 | D:5      | Killed Prince Ribbit
  5414 | D:5      | Reached skill level 1 in Fighting
  5414 | D:5      | Reached skill level 3 in Stealth
  5414 | D:5      | Reached skill level 6 in Conjurations
  5414 | D:5      | Your scales start taking on a dull iron-grey colour.
  5414 | D:5      | Reached XP level 7. HP: 36/52 MP: 4/13
  5564 | D:5      | Reached skill level 3 in Short Blades
  5686 | D:5      | Reached skill level 3 in Dodging
  5856 | D:5      | Found a shimmering altar of Xom.
  6343 | D:6      | Found a bloodstained altar of Trog.
  6343 | D:6      | Found a white marble altar of Elyvilon.
  6349 | D:6      | Found a hide-covered altar of Uskayaw.
  6357 | D:6      | Reached XP level 8. HP: 59/59 MP: 9/14
  6366 | D:6      | Reached skill level 4 in Short Blades
  6609 | D:6      | Reached skill level 4 in Stealth
  6712 | D:6      | You add the spells Alistair's Intoxication, Borgnjor's Vile
                  | Clutch and Eringya's Noxious Bog to your library.
  6830 | D:6      | Reached * piety under Vehumet
  6830 | D:6      | Offered knowledge of Freeze by Vehumet.
  6831 | D:6      | Reached skill level 5 in Spellcasting
  7326 | D:7      | Reached skill level 5 in Short Blades
  7694 | D:7      | Found a basalt altar of Yredelemnul.
  7790 | D:7      | Reached skill level 7 in Conjurations
  8133 | D:7      | Found a hazy altar of Hepliaklqana.
  8134 | D:7      | Found a broken altar of Ashenzari.
  8177 | D:7      | Noticed Joseph
  8243 | D:7      | HP: 9/61 [Joseph/sling bullet (10)]
  8250 | D:7      | HP: 6/61 [Joseph/+2 vorpal quarterstaff (14)]
  8259 | D:7      | Killed Joseph
  8260 | D:7      | Reached skill level 2 in Fighting
  8260 | D:7      | Reached skill level 4 in Dodging
  8260 | D:7      | Reached XP level 9. HP: 29/67 MP: 3/17
  8737 | D:8      | Reached skill level 6 in Short Blades
  8892 | D:8      | Noticed Maggie
  8902 | D:8      | Killed Maggie
  8903 | D:8      | Reached skill level 6 in Spellcasting
  9291 | D:8      | Reached ** piety under Vehumet
  9291 | D:8      | Offered knowledge of Static Discharge by Vehumet.
  9317 | D:8      | Learned a level 2 spell: Static Discharge
  9322 | D:8      | Learned a level 4 spell: Iskenderun's Mystic Blast
  9328 | D:8      | Noticed Maurice
  9478 | D:8      | You pick up a book of Frost and begin reading...
  9478 | D:8      | You add the spells Freeze, Frozen Ramparts and Hailstorm to
                  | your library.
  9696 | D:9      | Reached skill level 3 in Fighting
  9859 | D:9      | Reached skill level 7 in Short Blades
  9890 | D:9      | Found a blossoming altar of Fedhas.
 10189 | D:9      | Reached XP level 10. HP: 71/77 MP: 13/19
 10192 | D:9      | Reached skill level 5 in Dodging
 10192 | D:9      | Reached skill level 8 in Conjurations
 10511 | D:9      | Found a staircase to the Orcish Mines.
 11174 | D:10     | Entered Level 10 of the Dungeon
 11296 | D:10     | Reached skill level 1 in Throwing
 11296 | D:10     | Reached skill level 7 in Spellcasting
 11383 | D:10     | Offered knowledge of Scorch by Vehumet.
 11405 | D:10     | Reached skill level 4 in Fighting
 11405 | D:10     | Reached skill level 8 in Short Blades
 11963 | D:11     | Noticed a two-headed ogre
 11966 | D:11     | Noticed a cyclops
 11970 | D:11     | Killed a two-headed ogre
 12201 | D:11     | Killed a cyclops
 12202 | D:11     | Reached skill level 5 in Stealth
 12328 | D:11     | Found a staircase to the Lair.
 12350 | D:11     | Reached skill level 9 in Conjurations
 12489 | D:11     | Noticed a manticore
 12628 | D:11     | Reached *** piety under Vehumet
 12699 | D:11     | Noticed a gargoyle
 12711 | D:10     | magus.rc [v1.9.6]
 12715 | D:10     | magus.rc [v1.9.6]
 12887 | D:11     | Learned a level 4 spell: Hailstorm
 13140 | D:10     | Learned a level 3 spell: Frozen Ramparts
 13143 | D:10     | Learned a level 2 spell: Scorch
 13198 | D:11     | Killed a gargoyle
 13199 | D:11     | Reached XP level 11. HP: 40/85 MP: 8/22
 13412 | D:11     | You pick up a book of Pain and begin reading...
 13412 | D:11     | You add the spells Pain, Agony and Excruciating Wounds to
                  | your library.
 13734 | D:11     | Noticed a purple ugly thing
 13823 | D:11     | Noticed a white ugly thing
 13823 | D:11     | Noticed a white ugly thing
 13823 | D:11     | Noticed a cyan ugly thing
 13824 | D:11     | Noticed a purple ugly thing
 13825 | D:11     | Noticed a purple ugly thing
 13856 | D:11     | Killed a brown ugly thing
 14140 | D:11     | Killed a green ugly thing
 14141 | D:11     | Reached skill level 1 in Fire Magic
 14145 | D:11     | Killed a purple ugly thing
 14146 | D:11     | Reached skill level 8 in Spellcasting
 14146 | D:11     | Reached skill level 1 in Ice Magic
 14171 | D:11     | Killed a green ugly thing
 14453 | D:10     | HP: 3/85 [white ugly thing (32)]
 14961 | D:10     | HP: 18/85 [white ugly thing (11)]
 14961 | D:10     | Mangled by a white ugly thing

Vanquished Creatures
  A two-headed ogre (D:11)
  4 ugly things (D:11)
  A cyclops (D:11)
  Joseph (D:7)
  A gargoyle (D:11)
  Maggie (D:8)
  A kobold demonologist (D:11)
  Prince Ribbit (D:5)
  A shadow (D:10)
  Sigmund (D:2)
  4 yaks (D:9)
  A wyvern (D:11)
  A steam dragon (D:7)
  4 vampire mosquitoes
  2 acid dragons
  A water moccasin (D:8)
  An ice beast (D:7)
  2 black bears
  4 centaurs
  3 ogres
  2 kobold brigands
  4 bullfrogs
  A gnoll sergeant (D:9)
  A scorpion (D:6)
  11 killer bees (D:9)
  3 wights (D:8)
  2 howler monkeys
  6 centaur zombies
  3 hounds
  2 centaur skeletons
  A gnoll shaman (D:9)
  2 jellies
  A bullfrog skeleton (D:3)
  An iguana (D:4)
  Jessica (D:3)
  An orc wizard (D:6)
  A hound skeleton (D:4)
  17 gnolls
  5 adders
  3 shadow imps (D:7)
  A white imp (D:6)
  4 ufetubi
  An adder skeleton (D:4)
  A worm (D:2)
  2 dart slugs
  10 orcs
  7 endoplasms
  4 giant cockroaches
  5 goblins
  7 hobgoblins
  5 jackals
  3 quokkas
  6 ball pythons
  5 bats
  7 frilled lizards
  22 kobolds
  5 rats
199 creatures vanquished.

Vanquished Creatures (others)
  3 withered plants (D:1)
3 creatures vanquished.

Grand Total: 202 creatures vanquished

Table legend:
 A = Non-vault XP
 B = Vault XP
 C = Vault XP percentage of total XP
 D = Non-vault monster count
 E = Vault monster count
 F = Vault count percentage of total count
                 A         B        C        D         E       F
            +---------+---------+-------+---------+---------+-------
      Total |    9740 |    3960 |  28.9 |     179 |      20 |  10.1
            +---------+---------+-------+---------+---------+-------
        D:1 |      29 |       4 |  12.1 |      19 |       3 |  13.6
        D:2 |      72 |     227 |  75.9 |      24 |       1 |   4.0
        D:3 |     110 |      39 |  26.2 |      21 |       2 |   8.7
        D:4 |     135 |       0 |   0.0 |      15 |       0 |   0.0
        D:5 |     393 |     296 |  43.0 |       6 |       1 |  14.3
        D:6 |     741 |       0 |   0.0 |      17 |       0 |   0.0
        D:7 |     423 |     781 |  64.9 |       9 |       8 |  47.1
        D:8 |     559 |     398 |  41.6 |      12 |       1 |   7.7
        D:9 |    2564 |       0 |   0.0 |      34 |       0 |   0.0
       D:10 |    1375 |       0 |   0.0 |      12 |       0 |   0.0
       D:11 |    3339 |    2215 |  39.9 |      10 |       4 |  28.6
            +---------+---------+-------+---------+---------+-------

Illustrated notes

Table legend:
 A = Kills in this place as a percentage of kills in entire the game.
 B = Kills by you in this place as a percentage of kills by you in the entire game.
 C = Kills by friends in this place as a percentage of kills by friends in the entire game.
 D = Other kills in this place as a percentage of other kills in the entire game.
 E = Experience gained in this place as a percentage of experience gained in the entire game.
 F = Experience gained in this place divided by the number of levels of this place that you have seen.
                   A       B       C       D       E      F
               +-------+-------+-------+-------+-------+----------------------
         Total | 100.0 | 100.0 |   N/A |   N/A | 100.0 | 1141.7
       Dungeon | 100.0 | 100.0 |   N/A |   N/A | 100.0 | 1245.5
               +-------+-------+-------+-------+-------+----------------------

Table legend: (Time is in decaauts)
 A = Elapsed time spent in this place.
 B = Non-inter-level travel time spent in this place.
 C = Inter-level travel time spent in this place.
 D = Time resting spent in this place.
 E = Time spent auto-exploring this place.
 F = Levels seen in this place.
 G = Mean time per level.
                   A        B        C        D        E       F      G
               +--------+--------+--------+--------+--------+-----+--------+
         Total |  14827 |  13983 |    844 |   5504 |   5978 |  12 | 1235.6 |
       Dungeon |  14776 |  13961 |    815 |   5504 |   5961 |  11 | 1343.3 |
        Temple |     51 |     22 |     29 |      0 |     17 |   1 |   51.0 |
               +--------+--------+--------+--------+--------+-----+--------+

Top non-repeatable levels by time:
     D:9: 1937 daAuts
    D:10: 1794 daAuts
    D:11: 1527 daAuts
     D:7: 1511 daAuts
     D:1: 1368 daAuts
     D:3: 1345 daAuts
     D:2: 1328 daAuts
     D:5: 1097 daAuts
     D:8: 974 daAuts
     D:4: 957 daAuts
     D:6: 935 daAuts
  Temple: 51 daAuts
